[Event "*** Titled Tuesday Blitz"]
[Site "Chess.com"]
[Date "2021.03.02"]
[Round "7"]
[White "DFeco"]
[Black "Vamostodorecto"]
[Result "0-1"]
[WhiteElo "2251"]
[BlackElo "2415"]
[TimeControl "180+1"]
[EndTime "11:18:43 PST"]
[Termination "Vamostodorecto won by resignation"]

1. c4 e5 2. g3 Nc6 3. Bg2 Bc5 4.
Nc3 d6 5. e3 a6 6. Nge2 Ba7 7. O-O h5 8. d4 h4 9. Bxc6+ bxc6 10.
dxe5 hxg3 11. fxg3 Qe7 12. exd6 Bxe3+ 13. Bxe3 Qxe3+ 14. Rf2 Rxh2 15. Qd4 Qxd4 16. Nxd4 Rxf2 17. Kxf2 cxd6 18. Nxc6 Bb7 19. Nb4 Nf6 20. Nbd5 Bxd5 21. Nxd5 Nxd5 22. cxd5 Rb8 23. b3 Rb5 24. Rd1 a5 25. Rd4 Ke7 26. Ke3 Kf6 27. Ke4 Kg5 28. Rc4 f5+ 29. Kd4 Kg4 30. Rc6 Rb4+ 31. Kd3 Kxg3 32. Rxd6 Rb7 33. Rg6+ Kf2 34. d6 f4 35. Ke4 f3 36. a3 Ke2 37. Rg4 f2 38. Rf4 f1=Q 39. Rxf1 Kxf1 40. Kd5 Rxb3 41. Kc4 Rb7 42.
Kc5 g5 43. Kc6 Rb3 44. d7 Rc3+ 45. Kb6 Rd3 46. Kc7 g4 47. d8=Q Rxd8 48. Kxd8 g3 49. Kc7 g2 50. Kb6 g1=Q+ 51. Kxa5 Qa7+ 52. Kb4 Ke2 53. a4 Kd3 54. a5 Kd4 55. Kb5 Kd5 56. a6 Kd6 57. Ka5 Kc6 0-1

[Event "*** Titled Tuesday Blitz"]
[Site "Chess.com"]
[Date "2021.03.02"]
[Round "7"]
[White "rpragchess"]
[Black "chessdjw"]
[Result "1-0"]
[WhiteElo "2872"]
[BlackElo "2748"]
[TimeControl "180+1"]
[EndTime "11:18:44 PST"]
[Termination "rpragchess won by checkmate"]

1. e4 e5 2. Nf3 Nc6 3. Bb5 a6 4. Ba4 Nf6 5. O-O b5 6. Bb3 Bc5 7. a4 Rb8 8. c3 d6 9. d4 Bb6 10. h3 O-O 11. Bc2 Re8 12. Re1 h6 13. Be3 exd4 14.
cxd4 Nb4 15. d5 Nxc2 16. Qxc2 Rxe4 17. Nc3 Rxe3 18. fxe3 b4 19. Ne4 Nxd5 20. Qd3 Bb7 21. a5 Ba7 22. Nd4 Qe7 23. Nd2 Re8 24. Nf5 Qf6 25. Kh1 Qxb2 26. e4 Nf4 27. Qg3 Nh5 28. Nxh6+ Kh7 29. Qg5 gxh6 30. Qxh5 Re7 31. Qf5+ Kh8 32.
Nf3 Bxe4 33. Qf4 Bxf3 34. Qxh6+ Kg8 35. Qg5+ Kf8 36. Qxe7+ Kg7 37. Qg5+ Kf8 38. Qh6+ Kg8 39. Re8# 1-0

[Event "*** Titled Tuesday Blitz"]
[Site "Chess.com"]
[Date "2021.03.02"]
[Round "7"]
[White "PrinceMurad09"]
[Black "Firegrizzly"]
[Result "1-0"]
[WhiteElo "2551"]
[BlackElo "2660"]
[TimeControl "180+1"]
[EndTime "11:18:44 PST"]
[Termination "PrinceMurad09 won by resignation"]

1. e4 c5 2. Nf3 d6 3. d4 cxd4 4. Nxd4 Nf6 5. Nc3 Nc6 6. Nb3 e6 7. Be2 a6 8. a4 Be7 9. O-O O-O 10.
f4 Qc7 11. Bf3 b6 12. Kh1 Bb7 13. Qe1 Rfe8 14. Be3 Nb4 15. Qf2 Nd7 16. f5 e5 17.
Rad1 Rac8 18. g4 Qd8 19. Rd2 Nc5 20. Nxc5 bxc5 21. Rfd1 h6 22. Qg1 Ba8 23. h4 d5 24.
exd5 Bxh4 25. Qg2 e4 26. Nxe4 f6 27. c4 Bg5 28. Nxg5 hxg5 29. Bf2 Kf7 30. Kg1 Qd6 31. Bg3 Qd7 32. b3 Re3 33. Re2 Rce8 34. Rde1 Nc2 35.
Rxe3 Rxe3 36. Rxe3 Nxe3 37. Qe2 Qe8 38. Bf2 Nxg4 39.
Bxg4 Qxe2 40. Bxe2 g6 41. Bg4 Bb7 42. Bxc5 Kg7 43. fxg6 Kxg6 44. d6 Bc6 45. Bf3 Bd7 46. b4 f5 47. b5 axb5 48. axb5 g4 49. Bc6 Be6 50. d7 Bxd7 51. Bxd7 f4 52. Bxg4 1-0

[Event "*** Titled Tuesday Blitz"]
[Site "Chess.com"]
[Date "2021.03.02"]
[Round "7"]
[White "DenisQ"]
[Black "blitis"]
[Result "0-1"]
[WhiteElo "2637"]
[BlackElo "2539"]
[TimeControl "180+1"]
[EndTime "11:18:44 PST"]
[Termination "blitis won on time"]

1. Nf3 g6 2. g3 f5 3. Bg2 Nf6 4. O-O Bg7 5. c4 O-O 6. Nc3 d6 7. d3 e5 8. Rb1 h6 9. b4 g5 10.
Qb3 Kh8 11. c5 e4 12. dxe4 fxe4 13. Nd4 d5 14. Rd1 c6 15. b5 Qe8 16. f3 Qh5 17.
fxe4 Ng4 18. Nf3 d4 19. Na4 cxb5 20. Qxb5 Nc6 21. h3 Nge5 22. g4 Bxg4 23. hxg4 Nxg4 24.
Qxb7 Nce5 25. Rb3 Rad8 26. c6 d3 27. Rbxd3 Rxd3 28. Rxd3 Nxd3 29. c7 Bd4+ 30. e3 Nxe3 31. c8=Q Nxg2+ 32. Nxd4 Qd1+ 33. Kh2 Rxc8 0-1

[Event "*** Titled Tuesday Blitz"]
[Site "Chess.com"]
[Date "2021.03.02"]
[Round "7"]
[White "Romadk"]
[Black "Piccadilly123"]
[Result "0-1"]
[WhiteElo "2360"]
[BlackElo "2266"]
[TimeControl "180+1"]
[EndTime "11:18:44 PST"]
[Termination "Piccadilly123 won by resignation"]

1. d4 d5 2. Nf3 Nf6 3. g3 e6 4.
Bg2 Be7 5. O-O O-O 6. c4 b6 7. Ne5 Bb7 8. cxd5 Bxd5 9. Nf3 c5 10. Nc3 Bb7 11. dxc5 Bxc5 12. Qc2 Nc6 13. a3 Qe7 14. b4 Nd4 15. Qd3 Rfd8 16. Qb1 Nxf3+ 17. exf3 Bd4 18. Bb2 a5 19. Nb5 Bxb2 20. Qxb2 axb4 21. axb4 Ba6 22. f4 Nd5 23. Nd4 Bxf1 24. Rxf1 Rac8 25. b5 Qb4 26. Qxb4 Nxb4 27. Nc6 Nxc6 28. bxc6 Rc7 29. Rb1 Rb8 30. Rb5 Kf8 31. Kf1 Ke7 32. Ke1 Kd6 33. Kd2 Rxc6 34. Bxc6 Kxc6 35. Rh5 h6 36. f5 exf5 37. Rxf5 f6 38. Kc3 b5 39.
Rf4 Ra8 40. h4 Ra3+ 41. Kb2 Ra4 42. Rf5 Re4 43. f4 Rd4 44. g4 Rd5 45. Rxd5 Kxd5 46.
g5 hxg5 47. hxg5 f5 48. Kc3 Ke4 49. Kb4 Kxf4 50. Kxb5 Kxg5 0-1

[Event "*** Titled Tuesday Blitz"]
[Site "Chess.com"]
[Date "2021.03.02"]
[Round "7"]
[White "WonderChampion"]
[Black "KRSilva"]
[Result "0-1"]
[WhiteElo "2081"]
[BlackElo "2223"]
[TimeControl "180+1"]
[EndTime "11:18:44 PST"]
[Termination "KRSilva won by resignation"]

1. d4 Nf6 2. Bg5 d5 3. e3 Nbd7 4. Nf3 g6 5. Bd3 Bg7 6. O-O O-O 7. Nbd2 c5 8. c3 b6 9. dxc5 Nxc5 10. Bc2 Bb7 11. Nd4 e5 12. N4f3 Qc7 13. Nb3 Rfe8 14. Re1 h6 15. Bxf6 Bxf6 16. Nxc5 bxc5 17. Bb3 Rad8 18. Qc2 Kg7 19. Ba4 Rf8 20. Rad1 e4 21. Nd2 Be5 22. g3 Qe7 23. c4 d4 24. exd4 Rxd4 25.
Bb3 f5 26. a3 Rfd8 27. Nf1 Qc7 28. Rxd4 cxd4 29. Rd1 Qc6 30. Qe2 e3 31. f3 Qxf3 32. Qxf3 Bxf3 33. Re1 g5 34. h4 f4 35. gxf4 gxf4 36. Nh2 Bh5 37. Kg2 d3 38. Nf3 Bxb2 39. c5 d2 40. Rd1 e2 41. Rxd2 Rxd2 42. Nxd2 e1=Q 43. c6 Qxd2+ 44. Kh3 Qe3+ 0-1

[Event "*** Titled Tuesday Blitz"]
[Site "Chess.com"]
[Date "2021.03.02"]
[Round "7"]
[White "Sjakkerntobi"]
[Black "GregShahade"]
[Result "0-1"]
[WhiteElo "2340"]
[BlackElo "2632"]
[TimeControl "180+1"]
[EndTime "11:18:45 PST"]
[Termination "GregShahade won by checkmate"]

1. e4 e5 2. Nf3 Nc6 3. Bb5 a6 4.
Ba4 Nf6 5. O-O Be7 6. Re1 b5 7. Bb3 O-O 8. a4 Bb7 9. d3 d6 10. Nbd2 Nd7 11. Nf1 Nc5 12. Ba2 Nxa4 13. Ng3 Nb4 14.
Bb1 c5 15. c3 Nc6 16. d4 Re8 17. Nf5 Bf8 18. Ng5 h6 19. Nf3 Bc8 20. Ba2 c4 21. Ne3 Nb6 22. b3 exd4 23. Nxd4 Nxd4 24. Qxd4 Bb7 25.
f3 d5 26. exd5 Rc8 27. Bd2 Bc5 28. Qg4 Nxd5 29. Rad1 Nxe3 30. Bxe3 Bxe3+ 31. Kh1 Qg5 32. Qxg5 Bxg5 33. Rxe8+ Rxe8 34. bxc4 Re2 35. Bb3 Rb2 36. h4 Bf6 37. Rd7 Rxb3 38. Rxb7 bxc4 39. Ra7 Rxc3 40. Rxa6 Rc1+ 41. Kh2 c3 42. Rc6 Bxh4 43. Kh3 Bf6 44. Kg4 c2 45. g3 g6 46. f4 Kg7 47. f5 h5+ 48. Kf4 Rf1+ 49. Ke3 c1=Q+ 50. Rxc1 Rxc1 51. fxg6 fxg6 52. Kf3 Rc4 53. Kg2 Rg4 54. Kh3 Kf7 55. Kg2 Ke6 56. Kh3 Kf5 57. Kg2 Ke4 58. Kh3 Be5 59.
Kh2 Ke3 60. Kh1 Kf2 61. Kh2 Rh4# 0-1

[Event "*** Titled Tuesday Blitz"]
[Site "Chess.com"]
[Date "2021.03.02"]
[Round "7"]
[White "Sibelephant"]
[Black "KuzubovYuriy"]
[Result "1-0"]
[WhiteElo "3068"]
[BlackElo "2920"]
[TimeControl "180+1"]
[EndTime "11:18:46 PST"]
[Termination "Sibelephant won on time"]

1. e4 c5 2. Nc3 Nc6 3. g3 g6 4. Bg2 Bg7 5. d3 d6 6. Be3 e6 7. Qd2 Rb8 8. Nge2 Nd4 9. O-O b5 10. b4 a5 11. a3 Nxe2+ 12. Nxe2 cxb4 13. axb4 a4 14. c4 Bd7 15. Ra3 Ne7 16. Nc3 bxc4 17.
dxc4 Nc6 18. Qxd6 Bf8 19. Qd2 Bxb4 20. Rxa4 Ne5 21. Ra7 O-O 22. Bh6 Bc6 23. Qc2 Re8 24.
Nb5 Bxb5 25. cxb5 Qb6 26. Qa2 Ng4 27. Bf4 Qxb5 28. Bxb8 Qxb8 29. h3 Bc5 30. Ra5 Bxf2+ 31. Rxf2 Nxf2 32. Qxf2 Qb1+ 33. Kh2 Rc8 34. Ra7 Rc2 35.
Qxf7+ 1-0

[Event "*** Titled Tuesday Blitz"]
[Site "Chess.com"]
[Date "2021.03.02"]
[Round "7"]
[White "DonPreuss"]
[Black "Enriquack"]
[Result "0-1"]
[WhiteElo "2299"]
[BlackElo "2461"]
[TimeControl "180+1"]
[EndTime "11:18:47 PST"]
[Termination "Enriquack won on time"]

1. d4 Nf6 2. Nc3 d5 3. e4 dxe4 4. f3 exf3 5. Nxf3 g6 6. Bd3 Bg7 7. O-O O-O 8. Qe1 Nc6 9. Qh4 Bg4 10. Ne2 Bxf3 11. Rxf3 e5 12. Bg5 e4 13. Rxf6 exd3 14. Rxc6 Qd7 15. Rc4 dxe2 16. Re1 Rae8 17. c3 c6 18. Bf6 Qf5 19. Bxg7 Kxg7 20. Rc5 Qd3 21. Qf2 f6 22. d5 cxd5 23. Rc7+ Rf7 24. Rxf7+ Kxf7 25. Qxa7 Re7 26. Qd4 Qb5 27. b4 Re4 28. Qd2 Qb6+ 29. Kh1 Qf2 30. h3 Ke6 31. Kh2 h5 32. a4 h4 33. a5 g5 34. b5 g4 35. hxg4 Qg3+ 36. Kh1 h3 37. Rxe2 hxg2+ 38. Kg1 Qxg4 39. Rxe4+ dxe4 40. Qxg2 Qd1+ 41. Kh2 e3 42. Qe4+ Kf7 0-1

[Event "*** Titled Tuesday Blitz"]
[Site "Chess.com"]
[Date "2021.03.02"]
[Round "7"]
[White "aljado"]
[Black "QuintilianoR"]
[Result "0-1"]
[WhiteElo "2139"]
[BlackElo "2687"]
[TimeControl "180+1"]
[EndTime "11:18:47 PST"]
[Termination "QuintilianoR won on time"]

1. e4 c5 2. Nf3 d6 3. c3 Nf6 4. Bc4 Nc6 5. Qe2 Bg4 6. h3 Bxf3 7. Qxf3 e6 8. O-O Be7 9. Bb3 O-O 10. Rd1 Rc8 11. d3 b5 12. Bg5 Nd7 13. Bxe7 Qxe7 14. Nd2 Nb6 15. Nf1 c4 16. dxc4 bxc4 17. Bc2 Rb8 18. Ne3 Rfc8 19. Qe2 Ne5 20. f4 Ng6 21. Qf3 Qc7 22. Qg3 d5 23. exd5 Nxd5 24. Nxd5 exd5 25. Rxd5 Nxf4 26. Qh4 Nxd5 27. Qxh7+ Kf8 28. Re1 Qc5+ 29.
Kh1 Ne3 30. Qh8+ Ke7 31. Qh4+ g5 32. Qe4+ Kf8 33. Qxe3 Qxe3 34. Rxe3 Rxb2 35. Bf5 Re8 36. Rg3 f6 37. h4 Re1+ 38. Kh2 gxh4 39. Rg4 Ree2 40. Rg6 Kf7 0-1

[Event "*** Titled Tuesday Blitz"]
[Site "Chess.com"]
[Date "2021.03.02"]
[Round "7"]
[White "ApoIogiA"]
[Black "dhaessel"]
[Result "0-1"]
[WhiteElo "2188"]
[BlackElo "1964"]
[TimeControl "180+1"]
[EndTime "11:18:47 PST"]
[Termination "dhaessel won by checkmate"]

1. d4 Nf6 2. c4 g6 3. f3 Nc6 4. e4 e5 5. d5 Nd4 6. Ne2 c5 7. dxc6 dxc6 8. Be3 c5 9. Nbc3 Bg7 10. Nd5 Nxd5 11. cxd5 O-O 12. b4 b6 13. bxc5 bxc5 14. Qd2 Rb8 15. Rc1 Qd6 16. Kf2 Ba6 17. Nc3 f5 18.
Bxa6 Qxa6 19. Rhd1 Rb4 20. Kg1 Rfb8 21. Rb1 Qc4 22.
Rxb4 cxb4 23. Bxd4 exd4 24. Ne2 b3 25. axb3 Rxb3 26.
Nxd4 fxe4 27. fxe4 Rb4 28. Nc6 Rb2 29. Qd3 Qc5+ 30. Kh1 Qf2 31. Qf1 Qe3 32. d6 Rd2 33. d7 Bf6 34. Rxd2 Qxd2 35. e5 Bh4 36. e6 Qd6 37.
Qf7+ Kh8 38. Qe8+ Kg7 39. Qf7+ Kh6 40. Qf3 Qxe6 41. d8=Q Qe1+ 42. Qf1 Qxf1# 0-1

[Event "*** Titled Tuesday Blitz"]
[Site "Chess.com"]
[Date "2021.03.02"]
[Round "7"]
[White "suneebaker"]
[Black "ObligatePawnivore"]
[Result "1-0"]
[WhiteElo "2158"]
[BlackElo "1827"]
[TimeControl "180+1"]
[EndTime "11:18:47 PST"]
[Termination "suneebaker won on time"]

1. e4 e6 2. Nf3 d5 3. Nc3 Nf6 4. e5 Nfd7 5. d4 c5 6. dxc5 Nc6 7. Bf4 Bxc5 8. Bd3 f6 9. exf6 Nxf6 10. O-O O-O 11. Ne5 Bd6 12. Qe2 Nb4 13. Rae1 a6 14.
a3 Nxd3 15. Nxd3 Bxf4 16. Nxf4 Ne4 17. Nxe4 Rxf4 18. Nc5 Qd6 19. b4 Rf6 20. f4 b6 21.
Nd3 Bd7 22. Qe5 Qxe5 23. Nxe5 Bb5 24. Rf2 Rc8 25. g3 Rc3 26. Ra1 Rf8 27. a4 Bc4 28. Nd7 Rc8 29. Nxb6 Rc6 30. Nd7 d4 31. Ne5 Rc7 32. Rd2 Bd5 33. b5 axb5 34. axb5 Rxc2 35. Rxc2 Rxc2 36. b6 Rg2+ 37. Kf1 Rxh2 38. Ra7 Rb2 39. Rd7 1-0

[Event "*** Titled Tuesday Blitz"]
[Site "Chess.com"]
[Date "2021.03.02"]
[Round "7"]
[White "tomsishere"]
[Black "Chesspirate_Channel"]
[Result "1-0"]
[WhiteElo "2498"]
[BlackElo "2348"]
[TimeControl "180+1"]
[EndTime "11:18:48 PST"]
[Termination "tomsishere won by checkmate"]

1. Nf3 Nc6 2. d4 d5 3. c4 e5 4. cxd5 Qxd5 5. Nc3 Bb4 6. Bd2 Bxc3 7. Bxc3 e4 8. Nd2 Nf6 9. e3 Qg5 10. Qc2 Bf5 11. h4 Qg6 12. Bc4 O-O-O 13. O-O-O Qxg2 14. Bxf7 Ng4 15. Rdg1 Qxf2 16. Rf1 Qg2 17. Rhg1 Qh2 18. Nc4 Qxc2+ 19. Kxc2 Bd7 20. d5 Ne7 21. Bxg7 b5 22. Bxh8 bxc4 23. Bd4 Nf5 24. Re1 Nxd4+ 25. exd4 Nh6 26.
Be6 Nf5 27. Bxd7+ Rxd7 28. Rxe4 Rxd5 29. Kc3 Nd6 30. Re5 Nb5+ 31. Kxc4 Rxd4+ 32. Kxb5 Rxh4 33. Kc6 Rc4+ 34. Rc5 Rc2 35. Rg8# 1-0

[Event "*** Titled Tuesday Blitz"]
[Site "Chess.com"]
[Date "2021.03.02"]
[Round "7"]
[White "Mbneu"]
[Black "Pintacara"]
[Result "1-0"]
[WhiteElo "2307"]
[BlackElo "2453"]
[TimeControl "180+1"]
[EndTime "11:18:48 PST"]
[Termination "Mbneu won by resignation"]

1. d4 Nf6 2. c4 d6 3. f4 g6 4. Nc3 Bg7 5. e4 O-O 6. Nf3 e5 7. fxe5 dxe5 8. d5 Na6 9. Bd3 Nc5 10. Be3 Nxd3+ 11. Qxd3 Nh5 12. O-O Nf4 13. Bxf4 exf4 14. e5 Bf5 15. Qd4 g5 16. Rae1 Re8 17. h3 h6 18. Ne4 Qd7 19. Nf6+ Bxf6 20. exf6 Rxe1 21.
Rxe1 Re8 22. Rxe8+ Qxe8 23. Qe5 Qd7 24. Kh2 Kh7 25. Nd4 Kg6 26. c5 Bb1 27. a3 Qd8 28. Nf3 Qxf6 29. Qxc7 Qxb2 30. Ne5+ Kf5 31. Qxf7+ Ke4 32.
Nf3 Ke3 33. Qe6+ Be4 34. d6 Qc2 35. d7 Kf2 36. d8=Q Bxf3 37. Qd4+ Kf1 38. Qec4+ Be2 39. Qxc2 1-0

[Event "*** Titled Tuesday Blitz"]
[Site "Chess.com"]
[Date "2021.03.02"]
[Round "7"]
[White "GelmanAlexander"]
[Black "MateusViageiro"]
[Result "1-0"]
[WhiteElo "2557"]
[BlackElo "2361"]
[TimeControl "180+1"]
[EndTime "11:18:49 PST"]
[Termination "GelmanAlexander won on time"]

1. d4 Nf6 2. Nc3 d5 3. Bf4 e6 4. Nb5 Na6 5. e3 c6 6. Nc3 Bb4 7. Ne2 Ne4 8. a3 Nxc3 9. Nxc3 Bxc3+ 10. bxc3 Qa5 11. Qd2 b5 12. e4 O-O 13. Bd3 Rd8 14. O-O c5 15. exd5 exd5 16. a4 bxa4 17. Rfe1 c4 18.
Bf1 Be6 19. h4 Rd7 20. Re3 Rb7 21. Rg3 Bf5 22. Be5 f6 23. Bxf6 Qb6 24. Be5 Qb2 25. Rxa4 Nb8 26. Ra5 Qxc2 27. Qg5 Nc6 28. Rxd5 Nxe5 29.
Rxe5 Bd3 30. Re7 Rxe7 31. Qxe7 g6 32. h5 Qd1 33. h6 Qxf1+ 34. Kh2 1-0

[Event "*** Titled Tuesday Blitz"]
[Site "Chess.com"]
[Date "2021.03.02"]
[Round "7"]
[White "frankshar"]
[Black "VitaRasik"]
[Result "0-1"]
[WhiteElo "2353"]
[BlackElo "2554"]
[TimeControl "180+1"]
[EndTime "11:18:49 PST"]
[Termination "VitaRasik won by resignation"]

1. d4 d6 2. e4 g6 3. c4 Nf6 4.
Nc3 Bg7 5. Nf3 O-O 6. Be2 Nbd7 7. O-O e5 8. Be3 Qe7 9. d5 Ng4 10. Bg5 f6 11. Bh4 a5 12. a3 Nh6 13. b4 g5 14. Bg3 f5 15. exf5 e4 16. Nd4 axb4 17.
Ncb5 Nc5 18. axb4 Rxa1 19. Qxa1 Nb3 20. Qa7 Nxd4 21. Nxd4 Bxd4 22. Qxd4 Nxf5 23. Qc3 h6 24. Bd1 Qg7 25. Qxg7+ Kxg7 26. Bc2 h5 27. h3 Nxg3 28. fxg3 Rxf1+ 29. Kxf1 Bf5 30. Ke2 Kf6 31. Ke3 Ke5 32. Bd1 h4 33. gxh4 gxh4 34. Ba4 Bg6 35. Bd7 Bf5 36. Be8 Bh7 37. Bd7 Bg6 38. Ba4 Bf7 39. Bc2 b5 40. cxb5 Bxd5 41. Bb1 Bb7 42. Bc2 d5 43. b6 d4+ 44. Kd2 cxb6 0-1

[Event "*** Titled Tuesday Blitz"]
[Site "Chess.com"]
[Date "2021.03.02"]
[Round "7"]
[White "jposthuma"]
[Black "Galileo22"]
[Result "0-1"]
[WhiteElo "2697"]
[BlackElo "2448"]
[TimeControl "180+1"]
[EndTime "11:18:49 PST"]
[Termination "Galileo22 won on time"]

1. d4 Nf6 2. c4 g6 3. Nc3 Bg7 4. e4 d6 5. f3 O-O 6. Be3 Nbd7 7.
Qd2 e5 8. d5 a6 9. Nh3 Nh5 10. g4 Nf4 11. Nxf4 exf4 12. Bxf4 Ne5 13. Be2 b5 14. cxb5 axb5 15. Nxb5 Ba6 16. O-O Nd7 17. a4 Nc5 18. Qc2 f5 19. gxf5 gxf5 20. e5 Bxb5 21. Bxb5 dxe5 22. Qxc5 exf4 23. Kh1 Bxb2 24. Ra2 Be5 25.
Rg2+ Kh8 26. Rfg1 Qf6 27. Rg7 Rg8 28. Rxg8+ Rxg8 29. Rxg8+ Kxg8 30. Qg1+ Kh8 31. a5 Bd4 32. Qd1 Ba7 33. Qe1 Kg7 34. a6 Kh6 35. Bd3 Kg6 36. Qf1 Bb6 37. Qg2+ Kf7 38. Qf1 Kg7 39. Bc4 Qg6 40.
Qg2 Kf6 41. Qf1 Kg7 42. Qa1+ Kh6 0-1

[Event "*** Titled Tuesday Blitz"]
[Site "Chess.com"]
[Date "2021.03.02"]
[Round "7"]
[White "Rap_woyska"]
[Black "nrvisakh"]
[Result "1-0"]
[WhiteElo "2592"]
[BlackElo "2779"]
[TimeControl "180+1"]
[EndTime "11:18:50 PST"]
[Termination "Rap_woyska won by resignation"]

1. c4 c6 2. e4 c5 3. Nf3 g6 4. d4 Bg7 5. Nc3 cxd4 6. Nxd4 Nc6 7. Be3 Nf6 8. Be2 O-O 9. O-O d6 10. Nc2 Nd7 11. Qd2 Nc5 12. f3 f5 13.
exf5 Bxf5 14. Rfe1 Rc8 15. Rad1 Qb6 16. b4 Nxb4 17. Nd4 Bd3 18. Bxd3 Nbxd3 19. Nd5 Qd8 20. Re2 a6 21. Nb3 Rf7 22. Bg5 Rc7 23. Nxc5 Nxc5 24. Nxc7 Qxc7 25. Qd5 Kf8 26. Rde1 e6 27. Qd1 Rd7 28.
Kh1 Kf7 29. Be3 d5 30. Bxc5 Qxc5 31. Rxe6 Qxc4 32. Qd2 Bc3 33. Qg5 h6 34. Re7+ Kf8 35. Re8+ Kg7 36. R1e7+ 1-0

[Event "*** Titled Tuesday Blitz"]
[Site "Chess.com"]
[Date "2021.03.02"]
[Round "7"]
[White "jens1102"]
[Black "Jungle_Jaguar"]
[Result "1-0"]
[WhiteElo "2434"]
[BlackElo "2588"]
[TimeControl "180+1"]
[EndTime "11:18:50 PST"]
[Termination "jens1102 won by checkmate"]

1. e4 c5 2. Nf3 d6 3. d4 cxd4 4. Nxd4 Nf6 5. Nc3 Nc6 6. f3 e5 7.
Nb3 Be6 8. Be3 Be7 9. Qd2 O-O 10. O-O-O a5 11. a4 Nb4 12. g4 d5 13. g5 d4 14.
gxf6 Bxf6 15. Nxd4 exd4 16. Bxd4 Bxd4 17. Qxd4 Qc7 18.
Be2 Rac8 19. Rd2 Qf4 20. Rd1 Qxh2 21. Bc4 Qf4 22. Rg1 g6 23. Bxe6 fxe6 24. Qd6 Qxd6 25. Rxd6 Rxf3 26. Rxe6 Rf2 27. Re7 Rxc2+ 28. Kb1 Rh2 29. Rd1 g5 30. Nd5 Rcc2 31. Nxb4 Rxb2+ 32. Kc1 Rbf2 33. Nd3 Rc2+ 34. Kb1 Rc4 35. Rxb7 Rd4 36.
Rc1 Rd8 37. Ne5 Re2 38. Ng4 h5 39. Nf6+ Kf8 40. Rf1 Red2 41. Nxh5+ Ke8 42. Ng7# 1-0

[Event "*** Titled Tuesday Blitz"]
[Site "Chess.com"]
[Date "2021.03.02"]
[Round "7"]
[White "PaulfromSPb"]
[Black "Smirnov_Pavel"]
[Result "1-0"]
[WhiteElo "2731"]
[BlackElo "2851"]
[TimeControl "180+1"]
[EndTime "11:18:51 PST"]
[Termination "PaulfromSPb won on time"]

1. d4 Nf6 2. Bf4 e6 3. e3 c5 4. c3 b6 5. Nd2 Bb7 6. Nc4 d5 7. Ne5 a6 8. Ngf3 Be7 9. Bd3 O-O 10.
h4 Ne4 11. h5 f6 12. Ng4 Qd7 13. Ngh2 Nc6 14. Qe2 Bd6 15. Bxd6 Nxd6 16. h6 g6 17. O-O-O c4 18. Bc2 b5 19. Kd2 b4 20. Ke1 Qc7 21. Qd2 Qa5 22. Ke2 bxc3 23. Qxc3 Qb6 24. a4 a5 25. Nd2 Ba6 26. f3 Rab8 27. Rb1 e5 28. dxe5 fxe5 29. Qa3 Nb4 30. Kd1 d4 31. exd4 exd4 32. Be4 Rbc8 33. Ng4 c3 34. Qb3+ Bc4 35.
Nxc4 Nxc4 36. bxc3 dxc3 37. Qxc3 Rf7 38. Ke1 Re7 39. Nf6+ Kf7 40. Nd5 Qd6 41. Qg7+ Ke6 42. Qxe7+ Qxe7 43. Nxe7 Kxe7 44. Kf2 Nd2 45. Rbe1 1-0

[Event "*** Titled Tuesday Blitz"]
[Site "Chess.com"]
[Date "2021.03.02"]
[Round "7"]
[White "tigra"]
[Black "howitzer14"]
[Result "0-1"]
[WhiteElo "2865"]
[BlackElo "3011"]
[TimeControl "180+1"]
[EndTime "11:18:52 PST"]
[Termination "howitzer14 won on time"]

1. e4 e5 2. Nf3 Nc6 3. Bc4 Nf6 4.
Ng5 d5 5. exd5 Na5 6. Bb5+ c6 7. dxc6 bxc6 8. Bd3 Nd5 9. Nf3 Bd6 10. O-O Nf4 11.
Re1 Nxd3 12. cxd3 O-O 13. Nc3 c5 14. Nxe5 Bb7 15. Nc4 Nc6 16. Ne4 Be7 17. b3 Nb4 18. Re3 f5 19. Nc3 f4 20. Rh3 f3 21. Ne5 Nxd3 22.
Nxf3 Nf4 23. Rg3 Nxg2 24. Kxg2 Bd6 25. d4 Bxg3 26. d5 Bd6 27. Qd3 Qd7 28. h3 Rf6 29. Ne4 Rg6+ 30. Bg5 Rf8 31. Rd1 Bc8 32. Nh4 Re8 33.
Nxg6 Rxe4 34. Rh1 Rd4 35. Qe2 hxg6 36. f3 Kh7 37. h4 Qf7 38. h5 gxh5 39. Be3 Rxd5 40.
Qc2+ Bf5 0-1

[Event "*** Titled Tuesday Blitz"]
[Site "Chess.com"]
[Date "2021.03.02"]
[Round "7"]
[White "AntonovaNadezhda"]
[Black "Gerryisplaying"]
[Result "1-0"]
[WhiteElo "2137"]
[BlackElo "2224"]
[TimeControl "180+1"]
[EndTime "11:18:52 PST"]
[Termination "AntonovaNadezhda won by resignation"]

1. d4 d5 2. Nf3 Bg4 3. e3 Nd7 4.
Nbd2 e6 5. Bd3 Bd6 6. O-O f5 7. h3 Bh5 8. b3 Nh6 9. Bb2 O-O 10. Rc1 Nf6 11. c4 c6 12. c5 Bb8 13. b4 Ne4 14. Qc2 Nxd2 15. Nxd2 Qc7 16. g3 Qf7 17. f4 Qg6 18.
Kh2 Qf6 19. Nf3 Bxf3 20. Rxf3 Qg6 21. a4 Qh5 22. Kg2 Rf6 23. Be2 Qf7 24. b5 Rg6 25. a5 Bc7 26. a6 Bd8 27. axb7 Qxb7 28. bxc6 Qxc6 29. Bc3 a5 30. Rb1 a4 31. Bb5 Qc7 32. Bxa4 Qa7 33. Be8 Rf6 34. c6 Bc7 35. Bd7 Qa2 36. Rf2 Qc4 37. Be1 Qa6 38. Rb7 Bd6 39.
Qb2 Nf7 40. Rb6 Qa7 41. g4 fxg4 42. hxg4 g5 43. fxg5 Rxf2+ 44. Qxf2 Nxg5 45. Qh4 Ne4 46. Bxe6+ Kh8 47. Bf5 Qg7 48. Rb7 Qg8 49. Rxh7+ 1-0

[Event "*** Titled Tuesday Blitz"]
[Site "Chess.com"]
[Date "2021.03.02"]
[Round "7"]
[White "Vasily85"]
[Black "DinaBelenkaya"]
[Result "0-1"]
[WhiteElo "2452"]
[BlackElo "2323"]
[TimeControl "180+1"]
[EndTime "11:18:55 PST"]
[Termination "DinaBelenkaya won by resignation"]

1. d4 d5 2. Nc3 Nf6 3. Bf4 c6 4. e3 g6 5. h4 h6 6. Bd3 Bg7 7. Nf3 Nbd7 8. Ne5 Nxe5 9. Bxe5 b5 10. e4 b4 11. Na4 O-O 12. Nc5 dxe4 13. Nxe4 Bf5 14.
Nc5 Qd5 15. Bxf5 gxf5 16. Qe2 Rfe8 17. Nd3 Rad8 18. Nxb4 Qa5 19. c3 Qb6 20. Qc4 Rc8 21. O-O-O c5 22. Nd5 Nxd5 23. Qxd5 cxd4 24. Bxg7 Kxg7 25.
Qxd4+ Qxd4 26. Rxd4 e5 27. Rd7 a5 28. Rhd1 Rc4 29. g3 f4 30. R1d5 fxg3 31. fxg3 e4 32. Kd2 e3+ 33. Ke2 Rg4 34. Rf5 Rxg3 35. Rdxf7+ Kg8 36. Rf3 Rg2+ 37. Ke1 Rxb2 38. R7f4 e2 39. Rg4+ Kh8 40. Rf6 Rb1+ 41. Kf2 e1=Q+ 42. Kg2 Qe2+ 43.
Kh3 Rh1+ 0-1

[Event "*** Titled Tuesday Blitz"]
[Site "Chess.com"]
[Date "2021.03.02"]
[Round "7"]
[White "skoularikii"]
[Black "Thjop"]
[Result "1-0"]
[WhiteElo "2548"]
[BlackElo "2655"]
[TimeControl "180+1"]
[EndTime "11:18:57 PST"]
[Termination "skoularikii won by checkmate"]

1. e4 e6 2. d4 d5 3. Nc3 Bb4 4. exd5 exd5 5. Bd3 Nc6 6. Ne2 Qh4 7. Bf4 Bg4 8. Bg3 Qh5 9. f3 Bf5 10. Nf4 Qg5 11. Nxd5 Bxd3 12. Nxc7+ Kd7 13. Qxd3 Rc8 14. d5 Bxc3+ 15. Qxc3 Nce7 16. Qc5 Nf5 17. Qb5+ Ke7 18. d6+ Kf6 19. Nd5+ Kg6 20. O-O Rxc2 21. Qd3 Rd2 22. Qe4 Nf6 23. Ne7+ Kh5 24. Qxf5 Qxf5 25. Nxf5 Rc8 26.
Rad1 Rxb2 27. d7 Rcc2 28. Bf2 Nxd7 29. Rxd7 Kg6 30. Ne7+ Kf6 31. Ng8+ Ke6 32. Re7+ Kd6 33. Rxf7 Rxa2 34. Rxb7 a5 35. Rxg7 a4 36. Rxh7 a3 37. Ra7 Kc6 38. Nf6 Kb5 39. Ne4 Kc4 40. h4 Kd3 41. h5 Kc4 42. h6 Kb3 43. h7 Rc8 44. Bd4 Rac2 45. h8=Q Rxh8 46. Bxh8 a2 47. Ra1 Rc4 48.
R7xa2 Rxe4 49. fxe4 Kc4 50. e5 Kd3 51. e6 Kc4 52. e7 Kb3 53. e8=Q Kc4 54. Qc6+ Kb3 55. Qc3# 1-0

[Event "*** Titled Tuesday Blitz"]
[Site "Chess.com"]
[Date "2021.03.02"]
[Round "7"]
[White "digilik"]
[Black "GasconJR"]
[Result "0-1"]
[WhiteElo "2253"]
[BlackElo "2453"]
[TimeControl "180+1"]
[EndTime "11:18:57 PST"]
[Termination "GasconJR won on time"]

1. e4 c5 2. Nf3 d6 3. d4 cxd4 4. Nxd4 Nf6 5. Nc3 a6 6. f3 e5 7. Nb3 Be6 8. Be3 Be7 9. Qd2 O-O 10.
O-O-O a5 11. Bb5 Nbd7 12. g4 Nb6 13. g5 Nfd7 14. a4 Nc4 15. Bxc4 Bxc4 16. Nd5 Bxd5 17. Qxd5 Qc7 18. Rd3 Qc6 19. Nxa5 Qc7 20. b4 Rfc8 21.
c3 b6 22. Nb3 Rxa4 23. Kb2 Rca8 24. Ra1 Rxa1 25. Nxa1 Qa7 26. Nc2 Qa6 27. h4 g6 28. h5 Rc8 29. f4 exf4 30. Bxf4 Ne5 31. Bxe5 dxe5 32. Qxe5 Bf8 33. Rf3 Qb7 34. Qd5 Qe7 35.
hxg6 hxg6 36. Nd4 Bg7 37. Re3 b5 38. Nc6 Qc7 39. Nd4 Qh2+ 0-1